cohdb
Replays
Latest Replays
All Replays
Popular Replays
Top Player Replays
Match Explorer
How It Works
Community
CoH3 Stats
Reddit
Sign in to upload your games and track your stats! →
Sign in with Steam
Match 44444059
Unlisted
Match 44444059
Overview
Messages
Build Orders
End
Construct Infanterie Kompanie
Pioneer Squad
MG 42 Machine Gun Team
Selects Breakthrough Battlegroup
Grenadier Squad
GrW 34 Mortar Team
Construct Panzergrenadier Kompanie
251 Medium Carrier
MG 42 Bunker
Panzergrenadier Squad
Selects Assault Grenadiers
Selects Rapid Production
Pak 40 Anti-tank Gun Team
Support Elements
StuG III G Assault Gun
Nebelwerfer 42 Rocket Launcher Team
Panzergrenadier Squad
Gwangju's Hero Chun Doo-gwang
Andrzej Dupa
incineration
kty04_6
<Alpha>saltingfish
Luzinit24
wnsgud8801
kdb5246
0
0
Comments
sign in to comment!
No comments posted yet!